 Dungeon Crawl Stone Soup version 0.30.0-19-g36f170ea60 (webtiles) character file.

Game seed: 11218452917096573528

5097 workbot the Cleaver (level 10, -3/80 (82) HPs)
             Began as a Gnoll Berserker on May 26, 2023.
             Was a Priest of Trog.
             Slain by Psyche
             ... wielding a +0 dagger of chaos
              (9 damage)
             ... on level 8 of the Dungeon.
             The game lasted 00:18:49 (8113 turns).

workbot the Cleaver (Gnoll Berserker)               Turns: 8113, Time: 00:18:50

HP:   -3/80 (82)    AC:  0    Str: 20    XL:     10   Next: 57%
MP:   18/18         EV: 17    Int:  6    God:    Trog [***...]
Gold: 1118          SH:  0    Dex: 13    Spells: 20/20 levels left

rFire   . . .        t - melded +1 hammer of Oschi {heavy, rElec rF+ Dex+4}
rCold   . . .        k - melded +3 buckler of Guenitec {Rampage Fly SInv}
rNeg    . . .        a - melded +0 plate armour
rPois   .            d - melded +1 hat {SInv}
rElec   .            A - melded +1 cloak {rCorr}
rCorr   .            B - melded +0 pair of gloves
SInv    .            (boots currently unavailable)
Will    .....        (no amulet)
Stlth   +++          g - melded ring of poison resistance
HPRegen 0.33/turn    (ring currently unavailable)
MPRegen 0.16/turn

%: clarity
@: lethally poisoned (-3 -> -4), pig-form, hasted, lightly drained, very quick
A: fast, no casting, small, (fangs 1), strong nose, distributed training,
clarity
a: Renounce Religion, Berserk, Trog's Hand


You were on level 8 of the Dungeon.
You worshipped Trog.
Trog was most pleased with you.
You were a filthy swine.
You visited 1 branch of the dungeon, and saw 8 of its levels.

You collected 1648 gold pieces.
You spent 530 gold pieces at shops.

Inventory:

Hand Weapons
 r - a +2 rapier of venom
 t - the +1 hammer of Oschi (melded) {heavy, rElec rF+ Dex+4}
   (You found it on level 6 of the Dungeon)

   Dex:       It affects your dexterity (+4).
   rF:        It protects you from fire.
   rElec:     It insulates you from electricity.
Armour
 a - a +0 plate armour (melded)
 d - a +1 hat of see invisible (melded)
 k - the +3 buckler of Guenitec (melded) {Rampage Fly SInv}
   (You bought it in a shop on level 1 of the Dungeon)

   SInv:      It lets you see invisible.
   Fly:       It grants you flight.
   Rampage:   It bestows one free step when moving towards enemies.
 A - a +1 cloak of preservation (melded)
 B - a +0 pair of gloves (melded)
Jewellery
 g - a ring of poison resistance (melded)
Wands
 n - a wand of charming (1)
 s - a wand of polymorph (8)
 x - a wand of flame (17)
 C - a wand of quicksilver (4)
Scrolls
 b - 2 scrolls of blinking
 c - 4 scrolls of fear
 j - a scroll of vulnerability {unknown}
 m - a scroll of amnesia {unknown}
 p - 2 scrolls of magic mapping
 q - 3 scrolls of teleportation
 u - a scroll of silence {unknown}
 w - 2 scrolls of enchant armour {unknown}
 D - a scroll of immolation {unknown}
Potions
 e - a potion of resistance {unknown}
 f - a potion of curing {unknown}
 h - a potion of heal wounds
 i - a potion of haste {unknown}
 l - a potion of brilliance {unknown}
 o - 2 potions of cancellation {unknown}
 z - a potion of attraction {unknown}


   Skills:
 + Level 8.7 Fighting
 + Level 5.6 Short Blades
 + Level 5.6 Long Blades
 + Level 8.7 Axes
 + Level 5.6 Maces & Flails
 + Level 5.6 Polearms
 + Level 5.6 Staves
 + Level 5.6 Ranged Weapons
 + Level 5.6 Throwing
 + Level 7.3 Armour
 + Level 7.3 Dodging
 + Level 5.6 Stealth
 + Level 5.6 Shields
 + Level 5.6 Unarmed Combat
 + Level 5.6 Spellcasting
 + Level 4.6 Conjurations
 + Level 4.6 Hexes
 + Level 4.6 Summonings
 + Level 4.6 Necromancy
 + Level 4.6 Translocations
 + Level 4.6 Transmutations
 + Level 4.6 Fire Magic
 + Level 4.6 Ice Magic
 + Level 4.6 Air Magic
 + Level 4.6 Earth Magic
 + Level 4.6 Poison Magic
 + Level 6.1 Invocations
 + Level 5.6 Evocations


You had 20 spell levels left.
You didn't know any spells.
Your spell library was empty.

Dungeon Overview and Level Annotations

Branches:
Dungeon (8/15)             Temple (0/1) D:5
   Lair: D:8-11

Altars:
Cheibriados
Fedhas
Nemelex Xobeh
Qazlal
Wu Jian
Xom
Yredelemnul

Shops:
D:1 *   D:3 !   D:8 (

Annotations:
D:8 Psyche


Innate Abilities, Weirdness & Mutations

You are a filthy swine.
You move quickly.
Your equipment is almost entirely melded.
You are incapable of wielding weapons or throwing items.
You cannot cast spells.
((You have very sharp teeth.))
Your uncanny sense of smell can sniff out nearby items.
Your experience applies equally to all skills.
You possess an exceptional clarity of mind.


Message History

You hear some strange, mumbled words.
A swirling arc of seething chaos appears!
An arc of chaos appears from out of thin air!
Deactivating autopickup; reactivate with Ctrl-A.
The arc of chaos hits you.
You are poisoned.
You feel sick. Something hits you.
You are more poisoned.
You barely miss something.
You feel very sick. Something hits you!
You hit something but do no damage.
You feel sick. Something hits you.
You feel drained.
You hit something.
You feel sick. Something barely misses you.
You miss something.
You feel sick. Something hits you.
You bite something!
You feel sick.
You hear some strange, mumbled words.
A swirling arc of seething chaos appears!
An arc of chaos appears from out of thin air!
The arc of chaos hits you!
You feel momentarily confused.
You hit something but do no damage.
You feel sick. Something hits you!
You feel yourself speed up.
You miss something.
You feel sick. Something closely misses you.
You hit something.
You hear some strange, mumbled words.
A swirling arc of seething chaos appears!
An arc of chaos appears from out of thin air!
The arc of chaos hits you.
* * * LOW HITPOINT WARNING * * *
You miss something.
You feel sick. Something barely misses you.
You hit something but do no damage. You hit something.
You feel sick. Something hits you!
* * * LOW HITPOINT WARNING * * *
You barely miss something. Something hits you.
* * * LOW HITPOINT WARNING * * *
Something freezes you.
* * * LOW HITPOINT WARNING * * *
You hit something.
You feel sick.
You hit something but do no damage. Something hits you!
You die...

######### #.........
##+###....../.. ..
######....#.[.......
.#+##.........#.........
........##....#...<.....
........##....#.........
.(......##....#.{.......
........##....#.h.......
........'.....'.........
........#######.........
...........# #.........
######.[...# ##########
#.....# #.....# #.....#
#.....#


There were no monsters in sight!

Vanquished Creatures
  Pikel (D:7)
  Maggie (D:6)
  Sigmund (D:2)
  4 yaks (D:8)
  A steam dragon (D:5)
  Menkaure (D:5)
  A vampire mosquito (D:6)
  A water moccasin (D:7)
  5 ice beasts
  2 orc warriors (D:6)
  3 black bears (D:6)
  3 sky beasts
  2 ogres (D:6)
  3 centaurs
  4 lemures (D:7)
  2 phantoms
  A kobold brigand (D:7)
  A gnoll sergeant (D:6)
  2 scorpions
  2 wights (D:6)
  A howler monkey (D:6)
  4 hounds
  2 orc priests
  Crazy Yiuf (D:6)
  6 jellies
  Ijyb (D:5)
  2 sleepcaps
  Natasha (twice) (D:2)
  7 iguanas
  4 orc wizards
  10 adders
  4 gnolls
  A shadow imp (D:6)
  A white imp (D:7)
  2 ufetubi
  A worm (D:3)
  31 orcs
  7 endoplasms
  3 giant cockroaches
  10 hobgoblins
  6 jackals
  2 quokkas
  10 ball pythons
  3 bats
  2 frilled lizards
  6 goblins
  7 kobolds
  4 rats
181 creatures vanquished.

Notes
Turn   | Place    | Note
-------+----------+-------------------------------------------
     0 | D:1      | workbot the Gnoll Berserker began the quest for the Orb.
     0 | D:1      | Reached XP level 1. HP: 23/23 MP: 1/1
    68 | D:1      | Found a transporter.
    68 | D:1      | Found Feplares's General Store.
   179 | D:1      | Reached XP level 2. HP: 20/29 MP: 2/2
   326 | D:1      | Reached XP level 3. HP: 30/35 MP: 3/3
   451 | D:1      | Found a transporter.
   816 | D:1      | Reached skill level 1 in Invocations
  1281 | D:2      | Reached skill level 1 in Short Blades
  1281 | D:2      | Reached skill level 1 in Long Blades
  1281 | D:2      | Reached skill level 1 in Maces & Flails
  1281 | D:2      | Reached skill level 1 in Polearms
  1281 | D:2      | Reached skill level 1 in Staves
  1281 | D:2      | Reached skill level 1 in Ranged Weapons
  1281 | D:2      | Reached skill level 1 in Throwing
  1281 | D:2      | Reached skill level 1 in Stealth
  1281 | D:2      | Reached skill level 1 in Shields
  1281 | D:2      | Reached skill level 1 in Unarmed Combat
  1281 | D:2      | Reached skill level 1 in Spellcasting
  1281 | D:2      | Reached skill level 1 in Evocations
  1287 | D:2      | Reached XP level 4. HP: 14/41 MP: 5/5
  1424 | D:2      | Found a faded altar of an unknown god.
  1563 | D:2      | Reached ** piety under Trog
  1564 | D:2      | Reached skill level 1 in Conjurations
  1564 | D:2      | Reached skill level 1 in Hexes
  1564 | D:2      | Reached skill level 1 in Summonings
  1564 | D:2      | Reached skill level 1 in Necromancy
  1564 | D:2      | Reached skill level 1 in Translocations
  1564 | D:2      | Reached skill level 1 in Transmutations
  1564 | D:2      | Reached skill level 1 in Fire Magic
  1564 | D:2      | Reached skill level 1 in Ice Magic
  1564 | D:2      | Reached skill level 1 in Air Magic
  1564 | D:2      | Reached skill level 1 in Earth Magic
  1564 | D:2      | Reached skill level 1 in Poison Magic
  1725 | D:2      | Noticed Natasha
  1728 | D:2      | Killed Natasha
  1729 | D:2      | Reached XP level 5. HP: 47/47 MP: 5/7
  1769 | D:2      | Noticed Sigmund
  1776 | D:2      | Killed Sigmund
  1777 | D:2      | Reached skill level 5 in Armour
  1777 | D:2      | Reached skill level 5 in Dodging
  1777 | D:2      | Reached XP level 6. HP: 53/53 MP: 7/9
  1973 | D:2      | Noticed Natasha
  1986 | D:2      | Killed Natasha
  2249 | D:3      | Found Gyad's Distillery.
  2542 | D:3      | Found a stormy altar of Qazlal.
  2542 | D:3      | Found a sparkling altar of Nemelex Xobeh.
  2542 | D:3      | Found an ornate altar of the Wu Jian Council.
  3012 | D:4      | Reached XP level 7. HP: 60/60 MP: 10/10
  3636 | D:5      | Entered Level 5 of the Dungeon
  3676 | D:5      | Noticed Menkaure
  3680 | D:5      | Killed Menkaure
  3735 | D:5      | Reached XP level 8. HP: 19/67 MP: 12/12
  3830 | D:5      | Reached *** piety under Trog
  3956 | D:5      | Noticed Ijyb
  3965 | D:5      | Killed Ijyb
  4353 | D:5      | Found a staircase to the Ecumenical Temple.
  4531 | D:6      | Noticed Maggie
  4674 | D:6      | Reached XP level 9. HP: 73/73 MP: 14/14
  4719 | D:6      | Gained mutation: You sometimes lose your temper in combat.
                  | [potion of mutation]
  4719 | D:6      | Gained mutation: You have a pair of small antennae on your
                  | head. [potion of mutation]
  4723 | D:6      | Killed Maggie
  5100 | D:3      | Bought a potion of mutation for 104 gold pieces
  5100 | D:3      | Lost mutation: You sometimes lose your temper in combat.
                  | [potion of mutation]
  5100 | D:3      | Lost mutation: You have a pair of small antennae on your
                  | head. [potion of mutation]
  5100 | D:3      | Gained mutation: You possess an exceptional clarity of
                  | mind. [potion of mutation]
  5302 | D:6      | Found a runed translucent door.
  5303 | D:6      | Noticed Crazy Yiuf
  5305 | D:6      | Identified the +1 hammer of Oschi {heavy, rElec rF+ Dex+4}
  5317 | D:6      | Killed Crazy Yiuf
  5326 | D:6      | Identified the +2 hammer of Oriqoc {drain, rElec Int+6
                  | Dex-5}
  5535 | D:6      | Reached skill level 5 in Invocations
  6081 | D:6      | Reached skill level 5 in Short Blades
  6081 | D:6      | Reached skill level 5 in Long Blades
  6081 | D:6      | Reached skill level 5 in Maces & Flails
  6081 | D:6      | Reached skill level 5 in Polearms
  6081 | D:6      | Reached skill level 5 in Staves
  6081 | D:6      | Reached skill level 5 in Ranged Weapons
  6081 | D:6      | Reached skill level 5 in Throwing
  6081 | D:6      | Reached skill level 5 in Stealth
  6081 | D:6      | Reached skill level 5 in Shields
  6081 | D:6      | Reached skill level 5 in Unarmed Combat
  6081 | D:6      | Reached skill level 5 in Spellcasting
  6081 | D:6      | Reached skill level 5 in Evocations
  6081 | D:6      | Reached XP level 10. HP: 70/81 MP: 17/17
  6519 | D:7      | Reached **** piety under Trog
  6761 | D:7      | Noticed Pikel
  6777 | D:7      | Killed Pikel
  7276 | D:7      | Found a shimmering altar of Xom.
  7279 | D:7      | Found a basalt altar of Yredelemnul.
  7279 | D:7      | Found a snail-covered altar of Cheibriados.
  7281 | D:7      | Found a shimmering altar of Xom.
  7281 | D:7      | Found a shimmering altar of Xom.
  7281 | D:7      | Found a blossoming altar of Fedhas.
  7611 | D:8      | Found Xekk's Antique Weapon Shop.
  7666 | D:8      | Identified a scroll of acquirement
  7667 | D:8      | Acquired 1276 gold pieces
  7917 | D:1      | Bought the +3 buckler of Guenitec {Rampage Fly SInv} for
                  | 426 gold pieces
  8095 | D:8      | Noticed Psyche
  8113 | D:8      | Slain by Psyche

Illustrated notes

Levels and vault maps discovered:
D:1:      nicolae_arrival_washed_ashore, layout_loops_ring, serial_shops,
          nicolae_shop_drivethru, chequers_arboretum
D:2:      layout_loops_ring, basic_ecumenical_altar, minmay_goblin_outpost,
          uniq_natasha, uniq_sigmund
D:3:      layout_basic, gammafunk_temple_overflow_claw, serial_shops,
          nicolae_shop_pleasant_corner_grove
D:4:      layout_basic, minivault_19
D:5:      layout_rooms, temple_statues, corexii_checkpoint_a, uniq_ijyb,
          uniq_menkaure
D:6:      layout_rooms, nzn_random_ring, uniq_crazy_yiuf_cottage, uniq_maggie
D:7:      layout_layer_cave, doesnt_xom_only_xom, serial_bayou_pond_c,
          uniq_pikel
D:8:      layout_basic, serial_shops, shop, uniq_psyche

Skill      XL: |  1  2  3  4  5  6  7  8  9 10 |
---------------+-------------------------------+-----
Invocations    | 1 2 3 4 5 6 |  6.1
Short Blades   | 1 2 3 5 |  5.6
Long Blades    | 1 2 3 5 |  5.6
Maces & Flails | 1 2 3 5 |  5.6
Polearms       | 1 2 3 5 |  5.6
Staves         | 1 2 3 5 |  5.6
Ranged Weapons | 1 2 3 5 |  5.6
Throwing       | 1 2 3 5 |  5.6
Stealth        | 1 2 3 5 |  5.6
Shields        | 1 2 3 5 |  5.6
Unarmed Combat | 1 2 3 5 |  5.6
Spellcasting   | 1 2 3 5 |  5.6
Evocations     | 1 2 3 5 |  5.6
Conjurations   | 1 2 3 4 |  4.6
Hexes          | 1 2 3 4 |  4.6
Summonings     | 1 2 3 4 |  4.6
Necromancy     | 1 2 3 4 |  4.6
Translocations | 1 2 3 4 |  4.6
Transmutations | 1 2 3 4 |  4.6
Fire Magic     | 1 2 3 4 |  4.6
Ice Magic      | 1 2 3 4 |  4.6
Air Magic      | 1 2 3 4 |  4.6
Earth Magic    | 1 2 3 4 |  4.6
Poison Magic   | 1 2 3 4 |  4.6
Armour         | 5 6 7 |  7.3
Dodging        | 5 6 7 |  7.3
Fighting       | 7 8 |  8.7
Axes           | 7 8 |  8.7

Action                     |  1- 3 |  4- 6 |  7- 9 | 10-12 || total
---------------------------+-------+-------+-------+-------++-------
  Melee: Hand axe          |   130 |    94 |       |       ||   224
         Bite              |     9 |    12 |    33 |    15 ||    69
         Punch             |     3 |     3 |     2 |       ||     8
         Rapier            |       |    64 |   226 |       ||   290
         Mace              |       |       |    85 |   120 ||   205
         Unarmed           |       |       |     4 |    14 ||    18
 Invoke: Berserk           |     2 |     2 |     6 |     3 ||    13
    Use: Scroll            |       |       |     5 |     4 ||     9
         Potion            |       |       |     7 |       ||     7
   Stab: Sleeping          |     1 |       |       |       ||     1
         Invisible         |       |       |     7 |       ||     7
 Armour: Animal skin       |    24 |       |       |       ||    24
         Chain mail        |       |   100 |    31 |       ||   131
         Scale mail        |       |       |   107 |       ||   107
         Plate armour      |       |       |    34 |   117 ||   151
         Skin              |       |       |     4 |       ||     4
  Dodge: Dodged            |   106 |    82 |   211 |    89 ||   488
  Block: Buckler           |       |       |    57 |    66 ||   123
